 Dungeon Crawl Stone Soup version 0.17-a0-1103-ga40c899 (webtiles) character file.

772 Lektor the Cruncher (level 7, -5/40 HPs)
             Began as a Gargoyle Gladiator on May 21, 2015.
             Slain by an ogre
             ... wielding a +0 giant club
              (20 damage)
             ... on level 4 of the Dungeon.
             The game lasted 00:16:45 (4301 turns).

Lektor the Cruncher (Gargoyle Gladiator)            Turns: 4301, Time: 00:16:45

Health: -5/40      AC: 15    Str: 22    XL:     7   Next: 83%
Magic:  7/7        EV:  8    Int: 10    God:
Gold:   103        SH:  0    Dex: 10    Spells: 0 memorised, 6 levels left

rFire  + . .     SeeInvis .     a - +0 quarterstaff
rCold  . . .     Clarity  .     I - +0 chain mail
rNeg   + . .     SustAb   .     (no shield)
rPois  ∞         Gourm    .     c - +0 helmet
rElec  +         Spirit   .     (no cloak)
rCorr  .         Warding  .     s - +0 pair of gloves
rMut   .         Stasis   .     (no boots)
MR     .....                    (no amulet)
Stlth  ..........               z - +3 ring of strength
                                i - ring of protection from fire

@: not resistant to hostile enchantments, extremely unstealthy
A: negative energy resistance 1, electricity resistance, unbreathing,
petrification resistance, rot immunity, AC +4
a: no special abilities


You were on level 4 of the Dungeon.
You were hungry.

You visited 1 branch of the dungeon, and saw 4 of its levels.
You also visited: Sewer.

You collected 103 gold pieces.

Inventory:

Hand weapons
 a - a +0 quarterstaff (weapon)
Missiles
 d - 3 throwing nets
 n - 88 stones
 o - 7 poisoned javelins (quivered)
 y - 17 poisoned needles
Armour
 b - a +0 leather armour
 c - a +0 helmet (worn)
 l - a +0 ring mail
 s - a +0 pair of gloves (worn)
 F - a +0 large shield
 I - a +0 chain mail (worn)
Jewellery
 i - a ring of protection from fire (left hand)
 z - a +3 ring of strength (right hand)
 E - an uncursed amulet of guardian spirit {unknown}
Magical devices
 G - a wand of lightning (5)
 J - a wand of polymorph (6)
Scrolls
 f - a scroll of remove curse
 h - a scroll of amnesia
 j - 2 scrolls of teleportation
 k - 2 scrolls of enchant armour {unknown}
 p - 3 scrolls of identify {unknown}
 q - a scroll of random uselessness {unknown}
 x - a scroll of fog {unknown}
 A - 3 scrolls of blinking {unknown}
Potions
 m - a potion of degeneration
 r - 4 potions of might
 u - a potion of poison {unknown}
 v - a potion of haste {unknown}
 B - 3 potions of magic {unknown}
 C - a potion of flight {unknown}
 D - 2 potions of heal wounds {unknown}
 H - a potion of agility {unknown}
Comestibles
 e - 4 bread rations
 g - a beef jerky
 t - a meat ration
 w - 2 fruits


   Skills:
 - Level 2.1 Fighting
 + Level 8.9 Staves
 - Level 2.0 Throwing
 - Level 1.0 Armour
 - Level 2.4 Dodging
 - Level 0.5 Stealth


You had 6 spell levels left.
You didn't know any spells.

Dungeon Overview and Level Annotations

Branches:
Dungeon (4/15)
 Temple: D:4-7

Altars:


Innate Abilities, Weirdness & Mutations

You are resistant to torment.
Your stone body is resilient (AC +4).
You are immune to poison.
You resist negative energy.
You are resistant to electric shocks.
You can survive without breathing.
You are immune to petrification.
You are immune to rotting.


Message History

Aim: an ogre, wielding a giant club You throw a poisoned javelin.
The poisoned javelin hits the ogre.
The ogre is poisoned.
The ogre is lightly wounded.
The ogre hits you with a giant club!
You hit the ogre.
The ogre is moderately wounded.
You hit the ogre.
The ogre is heavily wounded.
The ogre hits you with a giant club!
You hit the ogre.
The ogre is severely wounded.
The ogre closely misses you.
You hit the ogre.
The ogre is severely wounded.
You barely miss the ogre.
The ogre is severely wounded.
The ogre hits you with a giant club!!
Ouch! That really hurt!
You die...

# #...# # #...# ## #...#
.######...#######
................####
................#..
................#.#
..#####...#####.#.##.##.
..# #...# #.@....... ###
#...# ###O###.#. #...#
(# #...# .. .... ### #
..### #. ####....#
###.##.......## #
#..............


You could see an ogre.

Vanquished Creatures
  An ogre (D:3)
  A phantom (D:4)
  2 big kobolds (Sewer)
  An orc priest (D:3)
  A hound (D:4)
  Ijyb (D:2)
  Jessica (D:3)
  2 worker ants (D:4)
  2 iguanas (D:4)
  3 gnolls (D:4)
  2 river rats
  9 adders
  4 oozes
  7 worms
  3 orcs (D:3)
  8 ball pythons
  3 giant cockroaches
  7 hobgoblins
  4 jackals (D:1)
  2 quokkas
  7 bats
  2 giant newts (D:1)
  9 goblins
  17 kobolds
  17 rats
116 creatures vanquished.

Notes
Turn   | Place    | Note
--------------------------------------------------------------
     0 | D:1      | Lektor the Gargoyle Gladiator began the quest for the Orb.
     0 | D:1      | Reached XP level 1. HP: 12/12 MP: 1/1
    59 | D:1      | Reached XP level 2. HP: 9/17 MP: 2/2
   479 | D:1      | Reached XP level 3. HP: 7/21 MP: 3/3
   479 | D:1      | HP: 1/21 [cloud of flame (6)]
  1172 | D:2      | Reached skill level 4 in Staves
  1253 | D:2      | Reached skill level 1 in Armour
  1273 | D:2      | Reached XP level 4. HP: 26/26 MP: 4/4
  1348 | D:2      | Noticed Ijyb
  1368 | D:2      | Killed Ijyb
  1368 | D:2      | Reached skill level 5 in Staves
  1746 | D:2      | Reached XP level 5. HP: 30/30 MP: 5/5
  2109 | D:3      | Found a glowing drain.
  2132 | Sewer    | Entered a sewer
  2477 | Sewer    | Reached skill level 6 in Staves
  2498 | Sewer    | Reached XP level 6. HP: 33/35 MP: 6/6
  2719 | Sewer    | Reached skill level 7 in Staves
  3072 | D:3      | Noticed Jessica
  3079 | D:3      | Killed Jessica
  3339 | D:3      | Reached XP level 7. HP: 32/40 MP: 7/7
  3486 | D:3      | Noticed an ogre
  3499 | D:3      | Killed an ogre
  3731 | D:4      | Reached skill level 8 in Staves
  4301 | D:4      | Slain by an ogre

Vault maps used:
D:1:      saegor_arrival_simple_d
D:2:      first_bread, uniq_iyjb
D:3:      portal_sewer_entry_e, uniq_jessica
D:4:      nicolae_underground_beach
Sewer:    sewer_co_tree

Action                   |  1- 3 |  4- 6 |  7- 9 || total
-------------------------+-------+-------+-------++-------
Melee: Quarterstaff      |   100 |   273 |    91 ||   464
 Fire: Blowgun           |       |       |     1 ||     1
Throw: Stone             |     6 |    11 |     6 ||    23
       Javelin           |       |       |     1 ||     1
  Use: Scroll            |     1 |     3 |     2 ||     6
       Potion            |     1 |     1 |     1 ||     3
  Eat: Chunk             |     1 |     7 |     3 ||    11
